 Dungeon Crawl Stone Soup version 0.31-a0-95-g6fa058ef04 (webtiles) character file.

Game seed: 2305893424292303097

67 greasedhog the Shooter (level 4, -1/35 HPs)
             Began as a Formicid Hunter on May 25, 2023.
             Slain by a scorpion (2 damage)
             ... on level 3 of the Dungeon.
             The game lasted 00:02:09 (1429 turns).

greasedhog the Shooter (Formicid Hunter)            Turns: 1429, Time: 00:02:09

Health: -1/35      AC:  5    Str: 16    XL:     4   Next: 40%
Magic:  4/4        EV: 11    Int:  8    God:
Gold:   145        SH:  0    Dex: 19    Spells: 3/3 levels left

rFire   + . .        a - +0 shortbow
rCold   + . .        (no shield)
rNeg    . . .        i - +0 ring mail
rPois   +            (helmet unavailable)
rElec   +            (no cloak)
rCorr   +            (no gloves)
SInv    +            (no boots)
Will    .....        (no amulet)
Stlth   +            (no ring)
HPRegen 0.25/turn    (no ring)
MPRegen 0.09/turn

%: no passive effects
@: brilliant, lethally poisoned (-1 -> -2), resistant
A: permanent stasis, dig shafts and tunnels, antennae 3, four strong arms
a: Dig, Shaft Self


You were on level 3 of the Dungeon.
You visited 1 branch of the dungeon, and saw 3 of its levels.

You collected 145 gold pieces.

Inventory:

Hand Weapons
 a - a +0 shortbow (weapon)
Armour
 i - a +0 ring mail (worn)
Scrolls
 b - 3 scrolls of immolation
 e - a scroll of identify {unknown}
 h - a scroll of amnesia
 j - a scroll of vulnerability {unknown}
 k - a scroll of torment {unknown}
 l - a scroll of blinking {unknown}
Potions
 d - a potion of magic {unknown}
 f - a potion of haste
 g - a potion of brilliance


   Skills:
 + Level 3.0 Fighting
 * Level 4.9 Ranged Weapons
 + Level 1.7 Armour
 - Level 1.7 Dodging
 - Level 1.2 Stealth


You had 3 spell levels left.
You didn't know any spells.
Your spell library was empty.

Dungeon Overview and Level Annotations

Branches:
Dungeon (3/15)

Altars:


Innate Abilities, Weirdness & Mutations

You cannot be hasted, slowed, berserked, paralysed or teleported.
You can dig through walls and to a lower floor.
You have a pair of large antennae on your head. (SInv)
Your four strong arms can wield two-handed weapons with a shield.


Message History

The arrow hits the scorpion but does no damage.
The scorpion is severely wounded.
You feel very sick. The scorpion closely misses you.
You shoot an arrow.
The arrow hits the scorpion but does no damage.
The scorpion is severely wounded.
You feel sick. The scorpion completely misses you.
The scorpion closely misses you.
You shoot an arrow. The arrow closely misses the scorpion.
You feel sick. The scorpion stings you.
You are more poisoned.
The scorpion poisons you!
Non-targeted abil: Dig
Press: ? - help, Q - select action, (/) - cycle Dir - look around, f - activate
Okay, then.
You shoot an arrow. The arrow closely misses the scorpion.
You feel very sick. The scorpion stings you. The scorpion closely misses you.
You shoot an arrow. The arrow closely misses the scorpion.
You feel very sick. The scorpion completely misses you.
The scorpion stings you.
* * * LOW HITPOINT WARNING * * *
You shoot an arrow. The arrow hits the scorpion.
The scorpion is severely wounded.
You feel sick. The scorpion closely misses you.
It was a potion of haste.
Your stasis prevents you from being hasted.
You feel sick. The scorpion stings you.
* * * LOW HITPOINT WARNING * * *
It was a potion of brilliance.
You feel clever all of a sudden.
* * * LOW HITPOINT WARNING * * *
You feel sick. The scorpion stings you.
* * * LOW HITPOINT WARNING * * *
It was a potion of resistance.
You feel protected.
* * * LOW HITPOINT WARNING * * *
You feel sick. The scorpion barely misses you. The scorpion stings you.
You die...

.# .. .## ... ..# ...
###.. #.# ... #.# ###
#s# # #.# .. #@###..##
#.# #.####........
#.######..#...#....#.
####<........#.#........
...............#.#(...#.
.....#######......#####
.....#######.###.....#
#.........##.# ....#.#
#.........##.# .#..#


You could see a scorpion.

Vanquished Creatures
  A worm (D:2)
  3 dart slugs
  3 ball pythons
  2 endoplasms
  5 giant cockroaches
  3 hobgoblins
  7 jackals (D:2)
  4 quokkas (D:1)
  4 bats
  3 frilled lizards
  7 goblins
  3 kobolds
  5 rats
50 creatures vanquished.

Notes
Turn   | Place    | Note
-------+----------+-------------------------------------------
     0 | D:1      | greasedhog the Formicid Hunter began the quest for the Orb.
     0 | D:1      | Reached XP level 1. HP: 16/16 MP: 1/1
    76 | D:1      | Reached XP level 2. HP: 17/23 MP: 2/2
   186 | D:1      | Reached skill level 1 in Armour
   260 | D:1      | Reached XP level 3. HP: 28/28 MP: 3/3
   798 | D:2      | Reached XP level 4. HP: 34/34 MP: 4/4
  1415 | D:3      | Noticed a scorpion
  1429 | D:3      | HP: 1/35 [poisoned by a scorpion]
  1429 | D:3      | Slain by a scorpion

Illustrated notes

Levels and vault maps discovered:
D:1:      wander_arrival_desolate, layout_rooms, dreamdust_mushroom_princess,
          chequers_hall_statues_y
D:2:      layout_loops_ring, corexii_hall_statues_u, minmay_misc_feat_cross
D:3:      layout_basic, uniq_crazy_yiuf_cottage, uniq_grinder

Skill      XL: |  1  2  3  4 |
---------------+-------------+-----
Armour         | 1 |  1.7
Fighting       | 3 |  3.0
Ranged Weapons | |  4.9
Dodging        | |  1.7
Stealth        | |  1.2

Action                     |  1- 3 |  4- 6 || total
---------------------------+-------+-------++-------
   Fire: Shortbow          |    89 |    58 ||   147
Ability: Dig               |     2 |       ||     2
    Use: Potion            |       |     3 ||     3
         Scroll            |       |     1 ||     1
 Armour: Leather armour    |     4 |       ||     4
         Ring mail         |     2 |    24 ||    26
  Dodge: Dodged            |    19 |    54 ||    73

Table legend: (Time is in decaauts)
 A = Elapsed time spent in this place.
 B = Non-inter-level travel time spent in this place.
 C = Inter-level travel time spent in this place.
 D = Time resting spent in this place.
 E = Time spent auto-exploring this place.
 F = Levels seen in this place.
 G = Mean time per level.
                   A        B        C        D        E       F      G
               +--------+--------+--------+--------+--------+-----+--------+
         Total |   1464 |   1405 |     59 |    124 |    985 |   3 |  488.0 |
       Dungeon |   1464 |   1405 |     59 |    124 |    985 |   3 |  488.0 |
               +--------+--------+--------+--------+--------+-----+--------+

Top non-repeatable levels by time:
     D:2: 816 daAuts
     D:1: 584 daAuts
     D:3: 64 daAuts
